 Dungeon Crawl Stone Soup version 0.21.0-24-g2553a33 (webtiles) character file.

74 Suckerboh the Slasher (level 4, -2/46 HPs)
             Began as a Halfling Berserker on Jan 19, 2018.
             Was a Believer of Trog.
             Slain by Sigmund
             ... wielding a +0 scythe of slicing
              (3 damage)
             ... on level 3 of the Dungeon.
             The game lasted 00:03:17 (2696 turns).

Suckerboh the Slasher (Halfling Berserker)          Turns: 2696, Time: 00:03:18

Health: -2/46      AC:  4    Str: 23    XL:     4   Next: 54%
Magic:  4/4        EV: 15    Int:  5    God:    Trog [**....]
Gold:   142        SH:  0    Dex: 14    Spells: 3/3 levels left

rFire    . . .     SeeInvis .   a - +0 falchion
rCold    . . .     Gourm    .   (shield restricted)
rNeg     . . .     Faith    .   b - +0 animal skin
rPois    .         Spirit   .   (no helmet)
rElec    .         Reflect  .   (no cloak)
rCorr    .         Harm     .   g - +0 pair of gloves
MR       .....                  l - +0 pair of boots
Stlth    ..........             (no amulet)
HPRegen  0.15/turn              (no ring)
MPRegen  0.09/turn              (no ring)

@: confused, berserking (expiring), slow
A: small, mutation resistance 1
a: Berserk, Trog's Hand, Burn Spellbooks, Renounce Religion


You were on level 3 of the Dungeon.
You worshipped Trog.
Trog was pleased with you.
You were hungry.

You visited 1 branch of the dungeon, and saw 3 of its levels.

You collected 142 gold pieces.

Inventory:

Hand Weapons
 a - a +0 falchion (weapon)
Armour
 b - a +0 animal skin (worn)
 g - a +0 pair of gloves (worn)
 l - a +0 pair of boots (worn)
Wands
 o - a wand of flame (29)
Scrolls
 d - 2 scrolls of identify {unknown}
 h - a scroll of teleportation {unknown}
 i - a scroll of enchant weapon {unknown}
 k - 2 scrolls of amnesia {unknown}
 m - a scroll of random uselessness {unknown}
 p - 3 scrolls of remove curse {unknown}
 q - a scroll of enchant armour {unknown}
 s - a scroll of magic mapping {unknown}
Potions
 e - 5 potions of curing {unknown}
 f - a potion of flight {unknown}
 j - a potion of haste {unknown}
 n - a potion of berserk rage {unknown}
Comestibles
 c - 3 rations
 r - 6 chunks of flesh


   Skills:
 + Level 3.0 Fighting
 * Level 4.4 Long Blades
 + Level 2.3 Armour
 + Level 2.6 Dodging


You had 3 spell levels left.
You didn't know any spells.

Dungeon Overview and Level Annotations

Branches:
Dungeon (3/15)

Altars:
Hepliaklqana
Uskayaw
Yredelemnul

Annotations:
D:3 Sigmund


Innate Abilities, Weirdness & Mutations

You are small and have problems with some larger weapons.
You are somewhat resistant to further mutation.


Message History

Sigmund hits you with a scythe of slicing!
You hit Sigmund.
Sigmund is almost dead.
You closely miss Sigmund.
Sigmund is almost dead.
Sigmund gestures wildly while chanting.
Sigmund flickers and vanishes!
Deactivating autopickup; reactivate with Ctrl-A.
You closely miss something.
You hear some strange, mumbled words.
You are confused.
You closely miss something. Something hits you!
* * * LOW HITPOINT WARNING * * *
You enter the shallow water.
Moving in this stuff is going to be slow.
You bump into the closed door.
You feel a strong urge to attack something.
Something hits you!
* * * LOW HITPOINT WARNING * * *
You die...

......#..# ........##
.......## ......##
######## ......#
#####......# .####.#
###....##'##.#
#.###...####≈≈≈#.# ..
#.##..####{'≈≈≈+.#
#>.#......[.#.#@≈≈###
#............##+##
.............#.#
#####........#.#
###.######. #.# ##
#.# #.. #.


There were no monsters in sight!

Vanquished Creatures
  A worm (D:2)
  5 dart slugs
  A leopard gecko (D:2)
  3 giant cockroaches (D:1)
  11 goblins
  11 hobgoblins
  8 kobolds
  A quokka (D:3)
  7 bats
  6 frilled lizards
  4 rats
58 creatures vanquished.

Notes
Turn   | Place    | Note
-------+----------+-------------------------------------------
     0 | D:1      | Suckerboh the Halfling Berserker began the quest for the Orb.
     0 | D:1      | Reached XP level 1. HP: 15/15 MP: 1/1
   128 | D:1      | Reached XP level 2. HP: 20/20 MP: 2/2
   409 | D:1      | Reached XP level 3. HP: 16/25 MP: 3/3
  1438 | D:2      | Found a hide-covered altar of Uskayaw.
  1438 | D:2      | Noticed a dagger
  1438 | D:2      | Noticed a hand axe
  1447 | D:2      | Reached skill level 4 in Long Blades
  1756 | D:2      | Found a basalt altar of Yredelemnul.
  1789 | D:2      | Reached XP level 4. HP: 18/30 MP: 4/4
  2214 | D:2      | Reached ** piety under Trog
  2299 | D:2      | Found a hazy altar of Hepliaklqana.
  2683 | D:3      | Noticed Sigmund
  2696 | D:3      | HP: 1/46 [something (10)]
  2696 | D:3      | Slain by Sigmund

Skill      XL: |  1  2  3  4 |
---------------+-------------+-----
Long Blades    | 4 |  4.4
Fighting       | 3 |  3.0
Armour         | |  2.3
Dodging        | |  2.6

Action                   |  1- 3 |  4- 6 || total
-------------------------+-------+-------++-------
Melee: Falchion          |   139 |    63 ||   202
Invok: Berserk           |       |     1 ||     1
 Stab: Sleeping          |     3 |       ||     3
  Eat: Chunk             |     3 |     3 ||     6
Armor: Animal skin       |    26 |     8 ||    34
Dodge: Dodged            |   106 |    32 ||   138
       Rpst.: Falchion   |    31 |    13 ||    44
